 Dungeon Crawl Stone Soup version 0.29-a0-1008-g949cc1d0fb (webtiles) character file.

Game seed: 9159943204598143370

417 ytrimaz the Chopper (level 7, -3/52 HPs)
             Began as a Formicid Fighter on Aug 7, 2022.
             Slain by an iguana (11 damage)
             ... on level 5 of the Dungeon.
             The game lasted 00:06:05 (3281 turns).

ytrimaz the Chopper (Formicid Fighter)              Turns: 3281, Time: 00:06:05

Health: -3/52      AC: -1    Str: 23    XL:     7   Next: 15%
Magic:  7/7        EV:  9    Int:  7    God:
Gold:   116        SH:  5    Dex: 13    Spells: 6/6 levels left

rFire   . . .      SeeInvis +   i - +0 hand axe
rCold   . . .      Faith    .   c - +0 buckler
rNeg    . . .      Spirit   .   b - +0 scale mail
rPois   .          Reflect  .   (helmet unavailable)
rElec   .          Harm     .   (no cloak)
rCorr   .          Rampage  .   (no gloves)
Will    .....                   (no boots)
Stlth   ..........              j - amulet of the acrobat
HPRegen 0.17/turn               (no ring)
MPRegen 0.10/turn               (no ring)

@: corroded
A: permanent stasis, dig shafts and tunnels, antennae 3, four strong arms
a: Dig, Shaft Self


You were on level 5 of the Dungeon.
You visited 1 branch of the dungeon, and saw 5 of its levels.

You collected 116 gold pieces.

Inventory:

Hand Weapons
 a - a +0 war axe
 i - a +0 hand axe (weapon)
Missiles
 h - a throwing net
 k - 3 silver boomerangs
Armour
 b - a +0 scale mail (worn)
 c - a +0 buckler (worn)
Jewellery
 j - an amulet of the acrobat (around neck)
Wands
 o - a wand of digging (10)
Scrolls
 g - 2 scrolls of vulnerability
 l - a scroll of immolation
 n - 2 scrolls of fear
 r - a scroll of enchant weapon
Potions
 d - a potion of might
 p - a potion of heal wounds {unknown}
 q - 2 potions of attraction {unknown}


   Skills:
 - Level 3.2 Fighting
 + Level 7.2 Axes
 - Level 3.2 Armour
 - Level 4.0 Shields


You had 6 spell levels left.
You didn't know any spells.
Your spell library contained the following spells:

 Spells                   Type           Power      Damage    Failure   Level
 Magic Dart               Conj           0%         1d3       82%         1
 Necrotise                Necr           0%         1d4       82%         1
 Searing Ray              Conj           0%         2d4       91%         2
 Sublimation of Blood     Necr           0%         N/A       91%         2
 Wereblood                Tmut           0%         N/A       91%         2
 Call Canine Familiar     Summ           0%         N/A       99%         3
 Gell's Gravitas          Tloc           0%         N/A       99%         3
 Lesser Beckoning         Tloc           0%         N/A       99%         3
 Ozocubu's Armour         Ice            0%         N/A       99%         3
 Portal Projectile        Hex/Tloc       0%         N/A       99%         3
 Teleport Other           Tloc           0%         N/A       99%         3
 Vampiric Draining        Necr           0%         2d6       99%         3
 Fulminant Prism          Conj/Hex       0%         3d6       100%        4
 Leda's Liquefaction      Hex/Erth       0%         N/A       100%        4
 Agony                    Necr           0%         N/A       100%        5
 Metabolic Englaciation   Hex/Ice        0%         N/A       100%        5
 Simulacrum               Ice/Necr       0%         N/A       100%        6
 Summon Hydra             Summ           0%         N/A       100%        7


Dungeon Overview and Level Annotations

Branches:
Dungeon (5/15)
 Temple: D:4-7

Altars:
Makhleb
Sif Muna
Uskayaw

Shops:
D:2 !


Innate Abilities, Weirdness & Mutations

You cannot be hasted, slowed, berserked, paralysed or teleported.
You can dig through walls and to a lower floor.
You have a pair of large antennae on your head. (SInv)
Your four strong arms can wield two-handed weapons with a shield.


Message History

r - a scroll of enchant weapon You drop 3 scrolls of teleportation.
You drop 2 scrolls of blinking.
Done exploring.
Done exploring.
Done exploring.
There is an open door here.
There is a stone staircase leading down here.
You climb downwards.
There is a stone staircase leading up here.
An iguana comes into view.
The iguana hisses angrily.
An iguana is nearby!
An iguana is nearby!
An iguana is nearby!
A jelly comes into view.
The jelly quivers.
The iguana closely misses you.
You barely miss the iguana. The iguana bites you.
Unknown command.
You barely miss the iguana. You hit the jelly. The acid corrodes you!
Your hands burn!
You block the iguana's attack. The jelly hits you.
You are splashed with acid!
You hit the jelly.
Your hands burn!
The jelly is severely wounded.
You hit the iguana but do no damage. You hit the iguana but do no damage.
You hit the jelly but do no damage.
Your hands burn!
You block the iguana's attack. The jelly hits you. The acid corrodes you!
You are splashed with acid!
You hit the iguana but do no damage. You hit the jelly.
You kill the jelly!
The iguana misses you.
You hit the iguana but do no damage. The iguana barely misses you.
Unknown command.
You hit the iguana but do no damage. The iguana bites you!
* * * LOW HITPOINT WARNING * * *
You closely miss the iguana. The iguana bites you.
* * * LOW HITPOINT WARNING * * *
You hit the iguana but do no damage. The iguana bites you!
You die...

....... .......
....... .......
....... ##### .......
..#.. .......#####.#.#
......l@..$#.#.#
.......###.#.#.#
.......###.#.#.######.
..............<.......
...###################
##


You could see an iguana.

Vanquished Creatures
  2 scorpions (D:4)
  4 hounds (D:4)
  A jelly (D:5)
  An orc priest (D:3)
  An iguana (D:4)
  2 adders (D:3)
  3 dart slugs
  9 orcs
  4 ball pythons
  5 endoplasms
  5 giant cockroaches
  6 goblins
  6 hobgoblins
  7 kobolds
  3 quokkas (D:3)
  3 bats
  5 frilled lizards
  2 rats
69 creatures vanquished.

Notes
Turn   | Place    | Note
-------+----------+-------------------------------------------
     0 | D:1      | ytrimaz the Formicid Fighter began the quest for the Orb.
     0 | D:1      | Reached XP level 1. HP: 18/18 MP: 1/1
    40 | D:1      | Found a faded altar of an unknown god.
   283 | D:1      | Upgraded the game from 0.29-a0-1006-g0dd7720b37 to
                  | 0.29-a0-1008-g949cc1d0fb
   285 | D:1      | Reached XP level 2. HP: 23/24 MP: 2/2
   450 | D:2      | Reached skill level 3 in Axes
   902 | D:2      | Reached XP level 3. HP: 29/29 MP: 3/3
  1052 | D:2      | Found Juwigg's Distillery.
  1374 | D:3      | Reached skill level 4 in Axes
  1374 | D:3      | Reached XP level 4. HP: 11/35 MP: 4/4
  2066 | D:3      | Reached XP level 5. HP: 41/41 MP: 5/5
  2484 | D:4      | Reached skill level 5 in Axes
  2548 | D:4      | Reached XP level 6. HP: 45/47 MP: 6/6
  2601 | D:4      | Reached skill level 6 in Axes
  2865 | D:4      | Found a burning altar of Makhleb.
  3059 | D:4      | Reached skill level 7 in Axes
  3059 | D:4      | Reached XP level 7. HP: 39/52 MP: 7/7
  3233 | D:4      | Found a shimmering blue altar of Sif Muna.
  3233 | D:4      | Found a hide-covered altar of Uskayaw.
  3264 | D:5      | Entered Level 5 of the Dungeon
  3281 | D:5      | Slain by an iguana

Illustrated notes

Levels and vault maps discovered:
D:1:      minmay_arrival_arboretum_small, layout_rooms,
          ebering_ecumenical_altar_abandoned, minmay_misc_feat_square
D:2:      layout_loops_corners, serial_shops, shop
D:3:      layout_loops_ring, serial_glass, glass_columns_b, glass_columns_b
D:4:      layout_cave_pools, marbit_many_paths, gammafunk_temple_overflow_statue
D:5:      layout_basic, mainiacjoe_overflow_chevrons, temple_doors_e

Skill      XL: |  1  2  3  4  5  6 |
---------------+-------------------+-----
Axes           | 3 4 5 7 |  7.2
Fighting       | |  3.2
Armour         | |  3.2
Shields        | |  4.0

Action                   |  1- 3 |  4- 6 |  7- 9 || total
-------------------------+-------+-------+-------++-------
Melee: War axe           |    35 |       |       ||    35
       Hand axe          |    34 |   151 |    11 ||   196
 Abil: Dig               |     2 |     3 |       ||     5
  Use: Scroll            |     2 |     2 |     2 ||     6
       Potion            |     1 |       |       ||     1
Armor: Scale mail        |    23 |    52 |       ||    75
Dodge: Dodged            |    28 |    84 |     4 ||   116
Block: Buckler           |    14 |    33 |     2 ||    49

Table legend: (Time is in decaauts)
 A = Elapsed time spent in this place.
 B = Non-inter-level travel time spent in this place.
 C = Inter-level travel time spent in this place.
 D = Time resting spent in this place.
 E = Time spent auto-exploring this place.
 F = Levels seen in this place.
 G = Mean time per level.
                   A        B        C        D        E       F      G
               +--------+--------+--------+--------+--------+-----+--------+
         Total |   3306 |   3229 |     77 |    157 |   2483 |   5 |  661.2 |
       Dungeon |   3306 |   3229 |     77 |    157 |   2483 |   5 |  661.2 |
               +--------+--------+--------+--------+--------+-----+--------+

Top non-repeatable levels by time:
     D:3: 1153 daAuts
     D:2: 895 daAuts
     D:4: 793 daAuts
     D:1: 448 daAuts
     D:5: 16 daAuts
